 Dungeon Crawl Stone Soup version 0.30.0-5-g1a98f26d00 (webtiles) character file.

Game seed: 13789652116538495689

242 retardedninja the Firebug (level 6, -3/44 HPs)
             Began as a Gnoll Fire Elementalist on May 11, 2023.
             Slain by Pikel
             ... wielding a +2 whip of freezing
              (17 damage)
             ... on level 3 of the Dungeon.
             The game lasted 00:04:36 (4653 turns).

retardedninja the Firebug (Gnoll Fire Elementalist) Turns: 4653, Time: 00:04:37

Health: -3/44      AC:  3    Str: 14    XL:     6   Next: 9%
Magic:  10/14      EV: 13    Int: 16    God:
Gold:   155        SH:  0    Dex: 12    Spells: 5/15 levels left

rFire   . .          .
                       - Unarmed
rCold   . . .        (no shield)
rNeg    . . .        a - +0 robe
rPois   .            (no helmet)
rElec   .            (no cloak)
rCorr   .            x - +0 pair of gloves
SInv    .            (no boots)
Will    .....        (no amulet)
Stlth   +++          d - +6 ring of strength
HPRegen 0.27/turn    f - ring of wizardry
MPRegen 0.14/turn

%: wizardry (x1)
@: no status effects
A: fangs 1, strong nose, distributed training
a: no special abilities


You were on level 3 of the Dungeon.
You visited 1 branch of the dungeon, and saw 4 of its levels.

You collected 155 gold pieces.

Inventory:

Armour
 a - a +0 robe (worn)
 x - a +0 pair of gloves (worn)
Jewellery
 d - a +6 ring of strength (left hand)
 f - a ring of wizardry (right hand)
Scrolls
 e - 3 scrolls of immolation {unknown}
 g - 2 scrolls of silence {unknown}
 i - 2 scrolls of enchant armour {unknown}
 k - 5 scrolls of identify {unknown}
 o - a scroll of amnesia {unknown}
 q - 2 scrolls of torment {unknown}
 r - 2 scrolls of enchant weapon {unknown}
 t - a scroll of fog {unknown}
 v - a scroll of fear {unknown}
 w - 2 scrolls of poison {unknown}
Potions
 b - a potion of magic
 c - 2 potions of heal wounds {unknown}
 h - a potion of might
 j - a potion of degeneration {unknown}
 l - a potion of curing
 m - a potion of brilliance {unknown}
 n - 2 potions of attraction {unknown}
 p - a potion of ambrosia {unknown}
 u - 2 potions of lignification {unknown}


   Skills:
 + Level 1.8 Fighting
 + Level 1.8 Short Blades
 + Level 1.8 Long Blades
 + Level 1.8 Axes
 + Level 1.8 Maces & Flails
 + Level 1.8 Polearms
 + Level 1.8 Staves
 + Level 1.8 Ranged Weapons
 + Level 1.8 Throwing
 + Level 1.8 Armour
 + Level 4.9 Dodging
 + Level 4.5 Stealth
 + Level 1.8 Shields
 + Level 1.8 Unarmed Combat
 + Level 5.3 Spellcasting
 + Level 2.6 Conjurations
 + Level 1.4 Hexes
 + Level 1.4 Summonings
 + Level 1.4 Necromancy
 + Level 1.4 Translocations
 + Level 1.4 Transmutations
 + Level 5.6 Fire Magic
 + Level 1.4 Ice Magic
 + Level 1.4 Air Magic
 + Level 1.4 Earth Magic
 + Level 1.4 Poison Magic
 + Level 2.0 Invocations
 + Level 1.8 Evocations


You had 5 spell levels left.
You knew the following spells:

 Your Spells              Type           Power      Damage    Failure   Level
a - Foxfire               Conj/Fire      68%        2x1d7     1%          1
b - Scorch                Fire           44%        2d6       1%          2
c - Flame Wave            Conj/Fire      17%        2d7       11%         4
d - Inner Flame           Hex/Fire       15%        N/A       4%          3

Your spell library contained the following spells:

 Spells                   Type           Power      Damage    Failure   Level
 Volatile Blastmotes      Fire/Tloc      30%        2d12      4%          3
 Call Canine Familiar     Summ           8%         N/A       10%         3
 Portal Projectile        Hex/Tloc       16%        N/A       10%         3
 Tukima's Dance           Hex            8%         N/A       10%         3
 Leda's Liquefaction      Hex/Erth       4%         N/A       32%         4
 Olgreb's Toxic Radiance  Pois           8%         N/A       32%         4
 Blade Hands              Tmut           4%         N/A       63%         5
 Discord                  Hex            4%         N/A       100%        8
 Ignition                 Fire           11%        3d5       100%        8


Dungeon Overview and Level Annotations

Branches:
Dungeon (4/15)
 Temple: D:4-7

Altars:
Qazlal
Ru
Yredelemnul

Annotations:
D:3 Pikel


Innate Abilities, Weirdness & Mutations

You have very sharp teeth.
Your uncanny sense of smell can sniff out nearby items.
Your experience applies equally to all skills.


Message History

Unknown command.
Casting: Scorch (safe; 1% risk of failure)
Confirm with . or Enter, or press ? or * to list all spells.
Flames lash the lemure.
The lemure is burned terribly!
You kill the lemure!
That felt strangely unrewarding.
Unknown command.
Casting: Scorch (safe; 1% risk of failure)
Confirm with . or Enter, or press ? or * to list all spells.
You don't know that spell.
You start resting.
Magic restored.
You start resting.
HP restored.
You start waiting.
Done waiting.
You climb downwards.
Level annotation: Pikel Pikel hits you with a +2 whip of freezing.
Pikel freezes you. The lemure barely misses you.
There is a stone staircase leading up, spattered with blood here.
Pikel says, "You'll burn in Gehenna!"
Pikel drinks a potion.
Pikel seems to grow stronger.
The lemure hits you but does no damage.
You climb upwards.
There is a stone staircase leading down here.
Casting: Scorch (safe; 1% risk of failure)
Confirm with . or Enter, or press ? or * to list all spells.
Flames lash the lemure.
The lemure is moderately wounded.
The lemure's fire resistance burns away.
Pikel hits you with a +2 whip of freezing!
Pikel freezes you!
* * * LOW HITPOINT WARNING * * *
The lemure completely misses you.
Casting: Scorch (safe; 1% risk of failure)
Confirm with . or Enter, or press ? or * to list all spells.
Flames lash Pikel but do no damage.
Pikel hits you with a +2 whip of freezing!
You die...

#.# ###.###
#..# #. #.#
#.# #..# #.
#.# #.#
#..########.
###.# #.#
#...........
#...# #.#
###########.
#[### #.# #.
#.# #.# #.
##### #.#
#.# #. ....#
#.##
#@###### #.
###.# #..#
#5K....# #.
#.# ##.#
######.# #.
#.#######
#.# #. #
#.##...# #.#
##. #
#.##._.# #.#
#..
######...#
#.# ###.#
...#.###.#
#.# #...#
.#.#....###
#.# #.#.#


You could see Pikel (strong) and a lemure (combustible).

Vanquished Creatures
  2 lemures
  A scorpion (D:3)
  An orc wizard (D:3)
  8 adders
  4 worms
  A dart slug (D:4)
  An orc (D:4)
  7 ball pythons
  4 endoplasms
  5 giant cockroaches
  10 goblins
  6 hobgoblins
  3 jackals
  2 quokkas
  6 bats
  2 frilled lizards
  3 kobolds
  8 rats
74 creatures vanquished.

Vanquished Creatures (others)
  348 foxfires
348 creatures vanquished.

Grand Total: 422 creatures vanquished

Notes
Turn   | Place    | Note
-------+----------+-------------------------------------------
     0 | D:1      | retardedninja the Gnoll Fire Elementalist began the quest
                  | for the Orb.
     0 | D:1      | Reached XP level 1. HP: 13/13 MP: 6/6
   494 | D:1      | Reached XP level 2. HP: 19/19 MP: 5/7
  1332 | D:1      | Reached skill level 5 in Spellcasting
  1332 | D:1      | Reached XP level 3. HP: 10/25 MP: 6/9
  1451 | D:2      | Reached skill level 1 in Invocations
  1890 | D:2      | Learned a level 2 spell: Scorch
  1895 | D:2      | Reached skill level 1 in Fighting
  1895 | D:2      | Reached skill level 1 in Short Blades
  1895 | D:2      | Reached skill level 1 in Long Blades
  1895 | D:2      | Reached skill level 1 in Axes
  1895 | D:2      | Reached skill level 1 in Maces & Flails
  1895 | D:2      | Reached skill level 1 in Polearms
  1895 | D:2      | Reached skill level 1 in Staves
  1895 | D:2      | Reached skill level 1 in Ranged Weapons
  1895 | D:2      | Reached skill level 1 in Throwing
  1895 | D:2      | Reached skill level 1 in Armour
  1895 | D:2      | Reached skill level 1 in Shields
  1895 | D:2      | Reached skill level 1 in Unarmed Combat
  1895 | D:2      | Reached skill level 1 in Evocations
  1931 | D:2      | Reached XP level 4. HP: 7/32 MP: 0/11
  2465 | D:2      | Reached skill level 1 in Hexes
  2465 | D:2      | Reached skill level 1 in Summonings
  2465 | D:2      | Reached skill level 1 in Necromancy
  2465 | D:2      | Reached skill level 1 in Translocations
  2465 | D:2      | Reached skill level 1 in Transmutations
  2465 | D:2      | Reached skill level 1 in Ice Magic
  2465 | D:2      | Reached skill level 1 in Air Magic
  2465 | D:2      | Reached skill level 1 in Earth Magic
  2465 | D:2      | Reached skill level 1 in Poison Magic
  2884 | D:3      | Found a sacrificial altar of Ru.
  2891 | D:3      | Reached XP level 5. HP: 37/37 MP: 8/12
  3439 | D:3      | Reached XP level 6. HP: 31/44 MP: 8/13
  3701 | D:3      | Found a stormy altar of Qazlal.
  3779 | D:3      | Found a basalt altar of Yredelemnul.
  4289 | D:4      | Learned a level 4 spell: Flame Wave
  4293 | D:4      | Learned a level 3 spell: Inner Flame
  4421 | D:4      | Noticed Pikel
  4653 | D:3      | Slain by Pikel

Illustrated notes

Levels and vault maps discovered:
D:1:      nicolae_arrival_somewhat_less_tricky_arrival, layout_basic,
          grunt_decor_fettered
D:2:      layout_loops_ring, nicolae_wormholes
D:3:      layout_loops_ring, nicolae_ru_great_annihilating_truth,
          mainiacjoe_overflow_swirl
D:4:      layout_rooms, minmay_temple_entry_enclosed_plants, uniq_pikel

Skill      XL: |  1  2  3  4  5 |
---------------+----------------+-----
Conjurations   | 2 |  2.6
Spellcasting   | 5 |  5.3
Invocations    | 1 2 |  2.0
Fighting       | 1 |  1.8
Short Blades   | 1 |  1.8
Long Blades    | 1 |  1.8
Axes           | 1 |  1.8
Maces & Flails | 1 |  1.8
Polearms       | 1 |  1.8
Staves         | 1 |  1.8
Ranged Weapons | 1 |  1.8
Throwing       | 1 |  1.8
Armour         | 1 |  1.8
Shields        | 1 |  1.8
Unarmed Combat | 1 |  1.8
Evocations     | 1 |  1.8
Hexes          | 1 |  1.4
Summonings     | 1 |  1.4
Necromancy     | 1 |  1.4
Translocations | 1 |  1.4
Transmutations | 1 |  1.4
Ice Magic      | 1 |  1.4
Air Magic      | 1 |  1.4
Earth Magic    | 1 |  1.4
Poison Magic   | 1 |  1.4
Dodging        | |  4.9
Stealth        | |  4.5
Fire Magic     | |  5.6

Action                     |  1- 3 |  4- 6 || total
---------------------------+-------+-------++-------
  Melee: Unarmed           |    26 |       ||    26
         Punch             |     1 |       ||     1
         Bite              |     1 |       ||     1
   Cast: Foxfire           |    86 |   130 ||   216
         Scorch            |     5 |    11 ||    16
    Use: Potion            |     1 |       ||     1
 Armour: Robe              |     5 |     5 ||    10
  Dodge: Dodged            |    50 |    26 ||    76
